Map: Ever Dream LE

Players

lllllllllll

  • Race: Zerg Zerg
  • Spawn Location: 7:00

Patience - Winner!

  • Race: Protoss Protoss
  • League: Master
  • Spawn Location: 1:00

VOD

Have the link to the VOD?

Description

Time

  • Played on: April 21, 2020, 7:58 a.m.
  • Length: 12:20
Show
View Real Time Build Order
Export as new Build Order

lllllllllll Zerg 

Build Orders: Hatch First 

Get SALT Encoding   

  12  0:00  Drone  
  13  0:12  Overlord  
  13  0:17  Drone  
  14  0:31  Drone x2  
  16  0:46  Drone  
  16  0:49  Drone  
  18  0:56  Hatchery  
  17  1:00  Drone  
  18  1:05  Extractor  
  17  1:14  Spawning Pool  
  17  1:17  Drone  
  17  1:21  Drone  
  18  1:28  Drone  
  19  1:42  Drone  
  20  1:49  Overlord  
  20  2:01  Queen  
  22  2:08  Zergling x2  
  23  2:09  Queen  
  23  2:12  Metabolic Boost  
  25  2:17  Zergling x2  
  25  2:19  Drone  
  25  2:20  Drone  
  28  2:24  Drone  
  29  2:31  Drone  
  30  2:37  Zergling x2  
  30  2:43  Hatchery  
  30  2:50  Zergling x2  
  31  2:51  Drone  
  32  2:58  Zergling x2  
  32  3:00  Queen  
  32  3:01  Overlord  
  36  3:05  Drone  
  36  3:12  Overlord  
  36  3:21  Drone x4  
  36  3:25  Drone  
  40  3:30  Drone  
  41  3:34  Drone  
  42  3:42  Drone x2  
  42  3:45  Drone  
  42  3:46  Drone x2  
  42  3:47  Unknown  
  46  3:53  Roach Warren  
  45  4:01  Queen  
  45  4:02  Drone x3  
  50  4:10  Overlord x2  
  49  4:34  Roach  
  49  4:35  Roach x9  
  69  4:39  Overlord  
  68  4:51  Spore Crawler  
  67  4:53  Zergling x12  
  67  4:54  Overlord  
  73  5:07  Zergling x12  
  73  5:11  Overlord  
  79  5:16  Zergling x2  
  79  5:17  Zergling x10  
  85  5:23  Ravager x4  
  85  5:24  Ravager  
  85  5:25  Overlord  
  90  5:31  Ravager  
  90  5:32  Ravager, Zergling x8  
  95  5:37  Zergling x6  
  98  5:43  Overlord  
  98  5:45  Zergling x6  
  96  6:00  Zergling x16  
  99  6:08  Roach x2  
  78  6:32  Spore Crawler  
  62  6:38  Lair  
  58  6:40  Roach x3  
  58  6:49  Roach x2  
  53  7:02  Roach  
  55  7:11  Roach Warren  
  54  7:22  Roach x3  
  51  7:47  Overseer  
  51  7:52  Roach x2  
  51  7:56  Glial Reconstitution  
  55  7:59  Roach  
  57  8:09  Hatchery  
  56  8:14  Roach x3  
  62  8:22  Roach  
  64  8:28  Roach  
  61  8:39  Roach  
  47  8:41  Roach  
  47  8:43  Roach  
  47  8:46  Roach  
  51  8:58  Roach  
  51  9:00  Ravager x3  
  56  9:05  Drone x3  
  59  9:10  Ravager  
  59  9:14  Roach  
  62  9:22  Roach  
  64  9:25  Roach  
  64  9:33  Roach  
  62  9:41  Drone x3  
  61  9:48  Drone  
  61  9:52  Spawning Pool  
  61  9:54  Drone x2  
  63  10:09  Hatchery  
  63  10:12  Roach x2  
  66  10:15  Drone x2  
  68  10:30  Roach x2  
  68  10:35  Drone  
  70  10:39  Queen  
  70  10:41  Roach, Extractor, Spore Crawler  
  70  10:42  Extractor  
  71  10:43  Ravager x3  
  71  10:47  Queen  
  76  10:51  Roach x2  
  76  10:52  Roach  
  82  11:04  Roach  
  82  11:05  Overlord  
  82  11:06  Overlord  
  82  11:07  Overlord  
  82  11:09  Overlord  
  84  11:23  Roach x3  
  90  11:26  Roach x2  
  90  11:31  Drone  
  96  11:32  Drone  
  96  11:35  Roach  
  96  11:36  Roach  
  88  11:47  Roach  
  88  11:49  Roach  
  88  11:52  Roach x4  
  85  11:58  Roach  
Show
View Real Time Build Order
Export as new Build Order

Patience Protoss - Winner!

Build Orders: 1 Gate Expand, Archon Immortal 

Get SALT Encoding   

  12  0:00  Probe  
  13  0:13  Probe  
  14  0:19  Pylon  
  14  0:25  Probe (Chrono Boost)  
  15  0:39  Probe (Chrono Boost)  
  15  0:41  Gateway  
  16  0:43  Probe (Chrono Boost)  
  17  0:51  Assimilator  
  17  0:53  Probe  
  18  1:05  Probe  
  19  1:18  Probe  
  20  1:27  Nexus  
  20  1:35  Cybernetics Core  
  20  1:40  Probe  
  21  1:48  Assimilator  
  21  1:50  Pylon  
  21  1:55  Probe  
  22  2:08  Probe  
  23  2:09  Adept (Chrono Boost)  
  23  2:13  Warp Gate  
  25  2:20  Probe  
  26  2:29  Adept (Chrono Boost)  
  26  2:32  Probe  
  26  2:36  Robotics Facility  
  29  2:41  Probe  
  30  2:44  Probe  
  31  2:53  Sentry  
  31  2:55  Probe  
  31  2:56  Probe  
  35  3:07  Probe  
  35  3:11  Probe  
  35  3:12  Gateway  
  38  3:20  Probe  
  38  3:23  Immortal (Chrono Boost)  
  42  3:28  Probe  
  43  3:37  Probe  
  44  3:42  Probe  
  44  3:44  Pylon  
  44  3:46  Twilight Council  
  45  3:54  Gateway  
  45  3:55  Gateway  
  45  3:58  Observer (Chrono Boost)  
  45  4:02  Probe x2  
  48  4:05  Assimilator  
  48  4:07  Stalker  
  50  4:12  Zealot  
  50  4:14  Pylon  
  54  4:17  Assimilator  
  54  4:23  Warp Prism (Chrono Boost)  
  54  4:31  Dark Shrine  
  54  4:32  Probe x2  
  54  4:35  Pylon  
  56  4:41  Pylon  
  56  4:44  Probe x2  
  58  4:51  Immortal (Chrono Boost)  
  62  4:56  Probe  
  62  4:57  Probe  
  64  5:01  Pylon  
  64  5:04  Forge  
  64  5:08  Probe  
  64  5:10  Probe  
  66  5:36  Immortal (Chrono Boost)  
  70  5:43  Dark Templar x4  
  74  6:10  Dark Templar  
  70  6:16  Dark Templar x2  
  53  6:35  Pylon  
  36  6:59  Probe x2  
  36  7:11  Probe x2  
  36  7:13  Pylon  
  37  7:16  Pylon  
  37  7:17  Zealot  
  37  7:20  Cybernetics Core  
  39  7:23  Probe x2  
  39  7:31  Immortal (Chrono Boost)  
  39  7:35  Probe x2  
  39  7:36  Observer, Zealot  
  42  7:47  Archon x2, Probe  
  42  7:48  Archon, Probe  
  44  7:59  Probe  
  44  8:00  Sentry x3, Probe  
  52  8:07  Observer  
  52  8:12  Probe x2  
  54  8:23  Stalker  
  54  8:24  Zealot, Stalker, Probe  
  54  8:25  Probe  
  62  8:33  Immortal (Chrono Boost)  
  60  8:36  Probe  
  61  8:43  Observer  
  61  8:45  Probe  
  58  8:50  Probe  
  58  8:55  Pylon  
  59  8:57  Probe  
  59  9:01  Sentry x2  
  59  9:02  Probe  
  65  9:16  Immortal (Chrono Boost)  
  69  9:17  Probe  
  69  9:21  Probe  
  71  9:35  Sentry x3  
  74  9:48  Immortal (Chrono Boost)  
  78  9:55  Probe x2  
  78  9:57  Charge (Chrono Boost)  
  80  10:07  Probe x2  
  82  10:17  Observer (Chrono Boost)  
  83  10:23  Probe  
  84  10:33  Immortal (Chrono Boost)  
  84  10:34  Gateway x2  
  84  10:37  Gateway  
  84  10:42  Dark Templar  
  90  10:51  Stalker x2  
  90  10:55  Pylon  
  94  10:57  Pylon  
  94  11:08  Pylon  
  94  11:13  Immortal  
  98  11:26  Dark Templar x2  
  98  11:27  Zealot  
  98  11:31  Archon, Zealot x2  
  97  12:02  Sentry  
  97  12:03  Zealot, Sentry  
  97  12:04  Zealot x3  
Tags
 
Add a new tag
Caveats
  • Supply blocks, unpowered buildings, or Contaminate may cause inaccurate times.
  • Supply counts are checked every 10 seconds.